 Dungeon Crawl Stone Soup version 0.31.0-4-g52a2dc7128 (webtiles) character file.

Game seed: 3619629598151748210

4367 Colgate the Spear-Bearer (level 10, 0/80 HPs)
             Began as a Naga Artificer on Jan 22, 2024.
             Was a Priest of Cheibriados.
             Killed by divine providence
             ... invoked by an orc priest
              (10 damage)
             ... on level 9 of the Dungeon.
             The game lasted 00:53:33 (11676 turns).

Colgate the Spear-Bearer (Naga Artificer)          Turns: 11676, Time: 00:53:34

Health: 0/80       AC: 13    Str: 25    XL:     10   Next: 34%
Magic:  10/10      EV:  9    Int: 18    God:    Cheibriados [***...]
Gold:   603        SH:  0    Dex: 17    Spells: 9/9 levels left

rFire   . . .        a - +0 bardiche (freeze)
rCold   . . .        (shield currently unavailable)
rNeg    + + .        I - +2 leather armour of Awe {*Slow rN++ Slay+2}
rPois   +            K - +0 helmet
rElec   .            f - +2 cloak
rCorr   +            A - +1 pair of gloves
SInv    +            (no barding)
Will    +....        (no amulet)
Stlth   +++          E - ring of resist corrosion
HPRegen 0.33/turn    (no ring)
MPRegen 0.12/turn

%: slow self (1%)
@: slowed, very slow
A: AC +3, large, see invisible, deformed body, poison resistance, slowness 2,
spit poison 1, naga tail 1
a: Spit Poison, Renounce Religion, Bend Time, Temporal Distortion


You were on level 9 of the Dungeon.
You worshipped Cheibriados.
Cheibriados was most pleased with you.
You visited 2 branches of the dungeon, and saw 10 of its levels.
You also visited: Bailey.

You collected 603 gold pieces.

Inventory:

Hand Weapons
 a - a +0 bardiche of freezing (weapon)
 b - a +1 dagger of draining
Missiles
 g - 21 curare-tipped darts
 n - 14 boomerangs
 o - 24 poisoned darts
 s - 4 atropa-tipped darts
 y - 4 datura-tipped darts
Armour
 f - a +2 cloak (worn)
 A - a +1 pair of gloves (worn)
 I - the +2 leather armour of Awe (worn) {*Slow rN++ Slay+2}
   (You found it on level 5 of the Dungeon)

   Slay+2:    It affects your accuracy & damage with ranged weapons and melee
   (+2).
   rN++:      It greatly protects you from negative energy.
   *Slow:     It may slow you when you take damage.
 K - a +0 helmet (worn)
Magical Staves
 J - a staff of alchemy
 M - a staff of fire
Jewellery
 p - a ring of fire
 C - a ring of ice
 E - a ring of resist corrosion (left hand)
Wands
 c - a wand of flame (6)
 d - a wand of charming (14)
 e - a wand of iceblast (2) {@v2}
 i - a wand of digging (5) {@v3}
 G - a wand of light (7) {@v1}
Scrolls
 h - a scroll of immolation
 j - 6 scrolls of teleportation {@r3}
 m - a scroll of fog {unknown}
 q - a scroll of noise
 u - a scroll of vulnerability {unknown}
 v - a scroll of poison
 D - a scroll of brand weapon
 F - a scroll of butterflies {unknown}
Potions
 k - 2 potions of berserk rage
 l - 2 potions of brilliance
 r - a potion of cancellation {unknown}
 t - a potion of might {unknown}
 w - a potion of mutation {unknown}
 x - 2 potions of enlightenment
 z - 3 potions of heal wounds {@q2}
 B - a potion of attraction {unknown}
 H - a potion of haste {unknown}
 L - 2 potions of curing {unknown}


   Skills:
 - Level 2.2 Fighting
 + Level 12.6 Polearms
 - Level 1.5 Armour
 - Level 0.7 Dodging
 - Level 5.1 Stealth
 - Level 7.0 Evocations


You had 9 spell levels left.
You didn't know any spells.
Your spell library contained the following spells:

 Spells                   Type           Power      Damage    Failure   Level
 Freeze                   Ice            0%         1d3       26%         1
 Ensorcelled Hibernation  Hex/Ice        0%         N/A       36%         2
 Static Discharge         Conj/Air       0%         3-3/arc   36%         2
 Dazzling Flash           Conj/Hex       0%         N/A       58%         3
 Frozen Ramparts          Ice            0%         1d1       58%         3
 Fugue of the Fallen      Necr           0%         N/A       58%         3
 Hailstorm                Conj/Ice       0%         3d5       58%         3
 Mephitic Cloud           Conj/Alch/Air  0%         N/A       58%         3
 Passwall                 Erth           0%         N/A       58%         3
 Swiftness                Air            0%         N/A       58%         3
 Airstrike                Air            0%         2d(0-16)  94%         4
 Anguish                  Hex/Necr       0%         N/A       94%         4
 Summon Lightning Spire   Summ/Air       0%         N/A       94%         4
 Curse of Agony           Necr           0%         N/A       100%        5
 Silence                  Hex/Air        0%         N/A       100%        5


Dungeon Overview and Level Annotations

Branches:
Dungeon (9/15)             Temple (1/1) D:6          Bailey (visited)
   Lair: D:8-11         Orc: D:9-12

Altars:
Ashenzari
Cheibriados
Dithmenos
Elyvilon
Fedhas
Gozag
Hepliaklqana
Kikubaaqudgha
Makhleb
Nemelex Xobeh
Okawaru
Qazlal
Ru
Sif Muna
Trog
Uskayaw
Vehumet
Xom
Yredelemnul
Zin
The Shining One

Annotations:
D:5 Eustachio
D:6 Grinder, Jeremiah


Innate Abilities, Weirdness & Mutations

Your serpentine skin is tough. (AC +3)
You have supernaturally acute eyesight. (SInv)
Armour fits poorly on your strangely shaped body.
Your system is resistant to poisons. (rPois)
You cover ground very slowly.
You can spit poison.
You have a snake-like lower body.


Message History

You hit the orc priest but do no damage.
The orc priest mumbles some strange prayers to Beogh against you.
Beogh smites you!
* * * LOW HITPOINT WARNING * * *
The orc priest hits you but does no damage.
Aiming: Iceblast
Press: ? - help, Shift-Dir - straight line, f/p - orc priest
Aim: an orc priest, wielding a +0 club and wearing a +0 ring mail (heavily wounded)
Okay, then.
Aiming: Bolt of Light
Press: ? - help, Shift-Dir - straight line, f - orc priest, p - orc priest
Aim: an orc priest, wielding a +0 short sword (74% to hit)
The bolt of light misses the orc priest.
The bolt of light hits the orc warrior!!
The orc warrior is blinded.
You hear a shout! x2
An orc comes into view. It is wielding a +0 flail.
An orc comes into view. It is wielding a +0 hand axe.
The orc priest hits you but does no damage.
An orc comes into view. It is wielding a +0 short sword.
An orc wizard comes into view. It is wielding a +0 dagger.
The orc priest hits you but does no damage.
The orc priest hits you but does no damage.
The orc priest looks braver for a moment.
The orc priest barely misses you.
The orc priest hits you but does no damage.
The orc wizard casts a spell.
The orc wizard flickers and vanishes for a moment.
The orc priest closely misses you. The orc priest barely misses you.
The orc priest hits you but does no damage.
The orc priest mumbles some strange prayers to Beogh against you.
Beogh smites you!
* * * LOW HITPOINT WARNING * * *
The orc priest closely misses you.
You slash the orc priest! You freeze the orc priest.
You kill the orc priest!
Cheibriados appreciates the change of pace.
The orc priest mumbles some strange prayers to Beogh against you.
Beogh smites you!
You die...

#####......#*,*
*
##....o.....#*,*
*
#...........#*,*
*
#..)[.......',,*
*
#.)∩(.......#***
#..oo..######
#...o.##
#####o###
#...@.###
##.##.#<#
#.####.# #.# #.#
#.# #.# #.####.#
#......#
#.###### #.#


You could see an orc warrior (wandering, blind, unable to see you), an orc
priest, an orc wizard (invisible) and 2 orcs.

Vanquished Creatures
  A slime creature (D:7)
  A wraith (D:7)
  A wyvern (D:8)
  An acid dragon (D:7)
  Duvessa (D:6)
  3 water moccasins
  4 black bears
  7 orc warriors
  2 sky beasts (D:7)
  2 ice beasts (D:7)
  An ogre (D:5)
  A centaur (D:8)
  6 kobold brigands
  A bullfrog (D:6)
  3 scorpions
  A wight (D:7)
  Dowan (D:6)
  3 killer bees (D:8)
  A howler monkey (D:7)
  A jelly (D:6)
  4 orc priests
  Crazy Yiuf (D:6)
  3 hounds
  A gnoll bouda (D:6)
  3 sleepcaps
  4 iguanas
  5 orc wizards
  5 gnolls
  11 adders
  2 white imps
  2 ufetubi (D:7)
  4 dart slugs
  A ribbon worm (D:3)
  24 orcs
  8 ball pythons
  7 bats
  3 endoplasms
  4 giant cockroaches
  9 hobgoblins
  5 jackals
  19 kobolds
  5 quokkas
  4 frilled lizards
  5 goblins
  A rat (D:1)
182 creatures vanquished.

Vanquished Creatures (others)
  2 orc wizards
  An endoplasm (D:1)
3 creatures vanquished.

Grand Total: 185 creatures vanquished

Notes
Turn   | Place    | Note
-------+----------+-------------------------------------------
     0 | D:1      | Colgate the Naga Artificer began the quest for the Orb.
     0 | D:1      | Reached XP level 1. HP: 18/18 MP: 1/1
   124 | D:1      | Reached XP level 2. HP: 15/25 MP: 2/2
   504 | D:1      | Reached XP level 3. HP: 31/31 MP: 3/3
  1995 | D:2      | Reached XP level 4. HP: 35/38 MP: 4/4
  2310 | D:3      | Reached skill level 5 in Evocations
  2310 | D:3      | Reached XP level 5. HP: 44/44 MP: 5/5
  2379 | D:3      | Found a faded altar of an unknown god.
  3012 | D:5      | Entered Level 5 of the Dungeon
  3916 | D:6      | Noticed a black bear
  3925 | D:6      | Killed a black bear
  3926 | D:6      | Reached XP level 6. HP: 47/51 MP: 6/6
  3980 | D:6      | Noticed a black bear
  3990 | D:6      | Killed a black bear
  4538 | D:4      | Reached XP level 7. HP: 51/58 MP: 7/7
  4913 | D:5      | Identified the +2 leather armour of Awe {*Slow rN++ Slay+2}
  5348 | D:5      | Reached skill level 5 in Stealth
  5515 | D:5      | Noticed Eustachio
  5750 | D:5      | Reached skill level 1 in Polearms
  6200 | D:5      | Reached skill level 2 in Polearms
  6259 | D:5      | Reached skill level 3 in Polearms
  6524 | D:6      | Found a runed translucent door.
  6525 | D:6      | Noticed Crazy Yiuf
  6588 | D:6      | Reached skill level 4 in Polearms
  6607 | D:6      | Reached XP level 8. HP: 31/67 MP: 8/8
  6608 | D:6      | HP: 2/67 [shot self (28)]
  6922 | D:6      | Noticed Dowan
  6924 | D:6      | Noticed Duvessa
  6926 | D:6      | Killed Dowan
  6927 | D:6      | Reached skill level 5 in Polearms
  6929 | D:6      | Killed Duvessa
  6965 | D:6      | Reached skill level 6 in Polearms
  7144 | D:6      | Found a staircase to the Ecumenical Temple.
  7153 | Temple   | Entered the Ecumenical Temple
  7248 | Temple   | Became a worshipper of Cheibriados the Contemplative
  7574 | D:6      | Noticed Grinder
  7878 | D:6      | Noticed Jeremiah
  8121 | D:6      | Killed Crazy Yiuf
  8229 | D:7      | Reached skill level 7 in Polearms
  8777 | D:7      | Reached * piety under Cheibriados
  8784 | D:7      | Reached skill level 8 in Polearms
  9049 | D:7      | Reached XP level 9. HP: 73/73 MP: 9/9
  9266 | D:7      | Reached skill level 9 in Polearms
  9827 | D:7      | Reached skill level 10 in Polearms
  9880 | D:7      | Reached ** piety under Cheibriados
  9922 | D:7      | Reached skill level 11 in Polearms
 10704 | D:8      | Reached XP level 10. HP: 80/80 MP: 10/10
 11158 | D:9      | Found a flagged portal.
 11175 | Bailey   | Entered a bailey
 11208 | Bailey   | Reached skill level 12 in Polearms
 11440 | Bailey   | Reached *** piety under Cheibriados
 11585 | Bailey   | Found a bloodstained altar of Trog.
 11676 | D:9      | Killed from afar by an orc priest

Illustrated notes

Levels and vault maps discovered:
D:1:      heliophobic_arrival_glass_houses, layout_loops_ring, minivault_19
D:2:      layout_loops_corners, minmay_snake_closets
D:3:      layout_loops_corners, hellmonk_ecumenical_altar_run_dry, st_stairs_11,
          minmay_misc_feat_alley
D:4:      layout_rooms
D:5:      layout_basic, uniq_eustachio
D:6:      layout_cave_pods, minmay_temple_entry_stoned_glass,
          hangedman_glass_garden, uniq_jeremiah, uniq_duvessa,
          uniq_crazy_yiuf_cottage, uniq_grinder
D:7:      minmay_chambers_of_sevens, layout_basic, serial_aquarium,
          aquarium_bridge_long_joined [aquarium_subvault_bridge,
          aquarium_subvault_balcony, aquarium_subvault_balcony,
          aquarium_subvault_bridge, aquarium_subvault_bridge,
          aquarium_subvault_wall], aquarium_window_3, aquarium_window_1,
          aquarium_window_double, aquarium_window_fake, aquarium_view_2e,
          aquarium_view_2c
D:8:      layout_loops_corners
D:9:      layout_basic, nicolae_overflow_hidden_temple, enter_bailey_2,
          serial_bayou_lake_a, uniq_joseph
Temple:   minmay_crystal_snake_temple

Skill      XL: |  1  2  3  4  5  6  7  8  9 10 |
---------------+-------------------------------+-----
Stealth        | 3 4 5 |  5.1
Evocations     | 4 5 6 7 |  7.0
Fighting       | 2 |  2.2
Polearms       | 4 8 11 12 | 12.6
Armour         | |  1.5
Dodging        | |  0.7

Action                     |  1- 3 |  4- 6 |  7- 9 | 10-12 || total
---------------------------+-------+-------+-------+-------++-------
  Melee: Club              |     7 |       |       |       ||     7
         Mace              |    14 |       |       |       ||    14
         Whip              |    10 |       |       |       ||    10
         Falchion          |     8 |    56 |    16 |       ||    80
         Dagger            |     7 |    23 |     8 |       ||    38
         Bardiche          |       |       |   142 |    71 ||   213
  Throw: Throwing net      |       |     2 |     1 |       ||     3
Ability: Spit Poison       |    34 |    44 |    43 |    15 ||   136
  Evoke: Wand              |     1 |     5 |    10 |     1 ||    17
    Use: Scroll            |       |     8 |     6 |     3 ||    17
   Stab: Sleeping          |     1 |    13 |     6 |     1 ||    21
         Distracted        |       |       |     2 |       ||     2
 Armour: Leather armour    |    47 |    90 |   139 |    82 ||   358
  Dodge: Dodged            |    31 |    52 |    99 |    46 ||   228
